AoeStats
← 关灯吃面

Arena

510704976Analyzed
4v4 RM · 11h ago on Oct 2, 2026· 19m 12s· 8 players
Game mode
Random Map
Map size
Large (8 player)
Population
200
Speed
Normal
Resources
Standard
Victory
Conquest
Starting age
Dark Age
Ending age
Imperial Age
RankedLock teamsTeams togetherTeam positionsShared explorationLock speedFull tech treeHidden civsTurbo modeCheats
Victory
Defeat
🇮🇩 Ethiopians · Indonesia
1016
+16
🇩🇰 Mongols · Denmark
977
+17
🇮🇩 Franks · Indonesia
911
+20
🇩🇪 Khmer · Germany
885
+21
🇷🇺 Slavs · Russia
1061
-21
🇦🇷 Burgundians · Argentina
1060
-21
🇨🇳 Bohemians · China
960
-46
🇮🇩 Huns · Indonesia
928
-15
Donp4ppa
9:51 Feudal Age
11:05 Double-Bit Axe
15:35 Castle Age
14:10 Horse Collar
mAjiCode
10:56 Feudal Age
14:36 Castle Age
12:31 Double-Bit Axe
13:03 Horse Collar
14:05 Stone Mining
16:11 Loom
17:59 Bow Saw
Picnic
11:07 Feudal Age
11:42 Double-Bit Axe
12:41 Stone Mining
12:42 Gold Mining
20:55 Castle Age
19:50 Forging
19:40 Scale Mail Armor
julian_venom
0:28 Loom
10:51 Feudal Age
12:11 Wheelbarrow
11:31 Double-Bit Axe
13:30 Gold Mining
13:32 Stone Mining
14:48 Horse Collar
关灯吃面
11:08 Feudal Age
13:47 Double-Bit Axe
19:46 Castle Age
0xLexA.23
11:33 Feudal Age
15:40 Castle Age
13:40 Double-Bit Axe
14:20 Horse Collar
15:05 Gold Mining
17:11 Bow Saw
17:39 Heavy Plow
76561199137489861
ddmgsxis89228
1:29 Loom
10:26 Feudal Age
17:18 Castle Age
Connection lost

Rejoining the realm…

Still unreachable

The connection could not be restored.

Session expired

The server has moved on; the page needs a fresh start.